 Dungeon Crawl Stone Soup version 0.21.1-1-g345015f (webtiles) character file.

63 Kagorn the Skirmisher (level 4, -2/29 HPs)
             Began as a Gargoyle Fighter on July 16, 2018.
             Slain by Crazy Yiuf
             ... wielding a +4 quarterstaff of chaos
              (3 damage)
             ... while paralysed by Crazy Yiuf
             ... on level 2 of the Dungeon.
             The game lasted 00:04:35 (1233 turns).

Kagorn the Skirmisher (Gargoyle Fighter)            Turns: 1233, Time: 00:04:36

Health: -2/29      AC: 11    Str: 19    XL:     4   Next: 10%
Magic:  4/4        EV:  2    Int:  9    God:
Gold:   60         SH:  0    Dex: 10    Spells: 3/3 levels left

rFire    . . .     SeeInvis .   a - +0 long sword
rCold    . . .     Gourm    .   c - +0 shield
rNeg     + . .     Faith    .   b - +0 scale mail
rPois    ∞         Spirit   .   (no helmet)
rElec    +         Reflect  .   (no cloak)
rCorr    +         Harm     .   p - +0 pair of gloves
MR       .....                  (no boots)
Stlth    ..........             (no amulet)
HPRegen  0.09/turn              g - ring of resist corrosion
MPRegen  0.09/turn              (no ring)

@: paralysed
A: negative energy resistance 1, electricity resistance, unbreathing,
petrification resistance, rot immunity, AC +3
a: no special abilities


You were on level 2 of the Dungeon.
You were not hungry.

You visited 1 branch of the dungeon, and saw 2 of its levels.

You collected 60 gold pieces.

Inventory:

Hand Weapons
 a - a +0 long sword (weapon)
Armour
 b - a +0 scale mail (worn)
 c - a +0 shield (worn)
 p - a +0 pair of gloves (worn)
Jewellery
 g - a ring of resist corrosion (left hand)
Scrolls
 i - 2 scrolls of blinking {unknown}
 j - 3 scrolls of remove curse {unknown}
 k - 3 scrolls of teleportation {unknown}
 l - a scroll of immolation {unknown}
 n - a scroll of enchant armour {unknown}
 o - a scroll of identify {unknown}
Potions
 d - a potion of might
 e - a potion of agility {unknown}
 h - 2 potions of curing {unknown}
 m - a potion of berserk rage {unknown}
Comestibles
 f - 4 rations


   Skills:
 * Level 3.9 Fighting
 * Level 2.6 Long Blades
 + Level 3.5 Armour
 + Level 0.5 Dodging
 + Level 1.1 Stealth
 + Level 3.5 Shields


You had 3 spell levels left.
You didn't know any spells.

Dungeon Overview and Level Annotations

Branches:
Dungeon (2/15)

Altars:

Annotations:
D:2 Crazy Yiuf


Innate Abilities, Weirdness & Mutations

You are resistant to torment.
Your stone body is resilient. (AC +3)
You are immune to poison.
You resist negative energy. (rN+)
You are resistant to electric shocks. (rElec)
You can survive without breathing.
You are immune to petrification.
You are immune to rotting.


Message History

Crazy Yiuf is lightly wounded.
You block Crazy Yiuf's attack.
You barely miss Crazy Yiuf.
Crazy Yiuf is lightly wounded.
Crazy Yiuf hits you but does no damage.
You hit Crazy Yiuf.
Crazy Yiuf is heavily wounded.
Crazy Yiuf hits you with a quarterstaff of chaos.
You suddenly lose the ability to move!
Crazy Yiuf laughs, "Island!"
Crazy Yiuf hits you with a quarterstaff of chaos!
Crazy Yiuf yells, "Announcement!"
Crazy Yiuf hits you with a quarterstaff of chaos.
* * * LOW HITPOINT WARNING * * *
Crazy Yiuf yells, "Line sanguine foot!"
Crazy Yiuf completely misses you.
Crazy Yiuf hits you with a quarterstaff of chaos!
* * * LOW HITPOINT WARNING * * *
Crazy Yiuf freezes you.
You die...

#....#
#...P#
##########
##P..#
#........#
##.##
########.#
##.# #.#
#.## #.#
##.# #.#
#.## #.#
#@# #.#
#.g.# #.#
#...#
#.###
#)..#
#.##.
#####
#.##.
#.##.
#....
#####


You could see Crazy Yiuf.

Vanquished Creatures
  An adder (D:2)
  An ooze (D:2)
  3 dart slugs (D:1)
  3 leopard geckos
  12 giant cockroaches (D:2)
  2 goblins (D:1)
  2 hobgoblins
  7 bats
  A frilled lizard (D:1)
  3 kobolds (D:1)
  3 rats
38 creatures vanquished.

Notes
Turn   | Place    | Note
-------+----------+-------------------------------------------
     0 | D:1      | Kagorn the Gargoyle Fighter began the quest for the Orb.
     0 | D:1      | Reached XP level 1. HP: 14/14 MP: 1/1
   151 | D:1      | Reached XP level 2. HP: 5/19 MP: 2/2
   752 | D:1      | Reached XP level 3. HP: 21/23 MP: 3/3
   984 | D:2      | Reached skill level 1 in Stealth
  1140 | D:2      | Reached XP level 4. HP: 25/29 MP: 4/4
  1217 | D:2      | Found a runed door.
  1221 | D:2      | Noticed Crazy Yiuf
  1229 | D:2      | Paralysed by Crazy Yiuf for 6 turns
  1233 | D:2      | HP: 1/29 [Crazy Yiuf/quarterstaff of chaos (8)]
  1233 | D:2      | Slain by Crazy Yiuf

Skill      XL: |  1  2  3 |
---------------+----------+-----
Long Blades    | 2 |  2.6
Stealth        | 1 |  1.1
Fighting       | |  3.9
Armour         | |  3.5
Dodging        | |  0.5
Shields        | |  3.5

Action                   |  1- 3 |  4- 6 || total
-------------------------+-------+-------++-------
Melee: Long sword        |   115 |     9 ||   124
  Eat: Ration            |       |     1 ||     1
Armor: Scale mail        |    61 |     1 ||    62
Dodge: Dodged            |    41 |     4 ||    45
Block: Shield            |    68 |     2 ||    70
       Rpst.: Long sword |    13 |     1 ||    14
